 Dungeon Crawl Stone Soup version 0.21-a0-578-gc6e9d75 (webtiles) character file.

141 slep the Chopper (level 5, -2/39 HPs)
             Began as a Demonspawn Gladiator on Dec 19, 2017.
             Slain by an adder (3 damage)
             ... on level 3 of the Dungeon.
             The game lasted 00:04:06 (1123 turns).

slep the Chopper (Demonspawn Gladiator)             Turns: 1123, Time: 00:04:06

Health: -2/39      AC:  3    Str: 14    XL:     5   Next: 3%
Magic:  5/5        EV: 13    Int:  9    God:
Gold:   95         SH:  0    Dex: 16    Spells: 4/4 levels left

rFire    . . .     SeeInvis .   a - +0 war axe
rCold    . . .     Gourm    .   (no shield)
rNeg     . . .     Faith    .   b - +0 leather armour
rPois    .         Spirit   .   (helmet restricted)
rElec    .         Reflect  .   (no cloak)
rCorr    +         Harm     .   (no gloves)
MR       .....                  (no boots)
Stlth    +.........             (no amulet)
HPRegen  0.13/turn              m - ring of resist corrosion
MPRegen  0.09/turn              (no ring)

@: lethally poisoned (-2 -> -14), hasted, very quick
A: horns 1, powered by pain 1, sturdy frame 1
a: no special abilities


You were on level 3 of the Dungeon.
You were not hungry.

You visited 1 branch of the dungeon, and saw 3 of its levels.

You collected 95 gold pieces.

Inventory:

Hand Weapons
 a - a +0 war axe (weapon)
Missiles
 d - 3 throwing nets (quivered)
 j - 12 poisoned needles
Armour
 b - a +0 leather armour (worn)
 c - a +0 helmet
Jewellery
 m - a ring of resist corrosion (left hand)
Scrolls
 i - a scroll of teleportation {unknown}
 k - a scroll of enchant armour {unknown}
 n - a scroll of remove curse {unknown}
 o - a scroll of magic mapping {unknown}
 q - a scroll of amnesia {unknown}
 t - a scroll of identify {unknown}
Potions
 e - a potion of invisibility {unknown}
 g - 2 potions of haste
 h - 2 potions of berserk rage {unknown}
 l - 2 potions of flight {unknown}
 r - a potion of ambrosia {unknown}
 s - 2 potions of heal wounds {unknown}
Comestibles
 f - 3 rations


   Skills:
 + Level 2.6 Fighting
 + Level 4.4 Axes
 + Level 1.8 Throwing
 + Level 0.8 Armour
 + Level 3.1 Dodging
 + Level 0.4 Stealth


You had 4 spell levels left.
You didn't know any spells.

Dungeon Overview and Level Annotations

Branches:
Dungeon (3/15)

Altars:
Trog

Annotations:
D:2 Sigmund


Innate Abilities, Weirdness & Mutations

You have a pair of small horns on your head.
You sometimes gain a little power by taking damage.
Your movements are slightly less encumbered by armour. (ER -2)


Message History

Unknown command.
You hit the hobgoblin but do no damage. Your headbutt misses the hobgoblin.
You hit the adder but do no damage. The adder barely misses you.
The hobgoblin hits you. The adder bites you.
* * * LOW HITPOINT WARNING * * *
You are lethally poisoned!
The adder poisons you!
Unknown command.
You barely miss the hobgoblin. Your headbutt misses the hobgoblin.
You closely miss the adder.
* * * LOW HITPOINT WARNING * * *
You feel sick. The adder bites you.
* * * LOW HITPOINT WARNING * * *
You are more poisoned.
The adder poisons you! The hobgoblin completely misses you.
It was a potion of haste.
You feel yourself speed up.
* * * LOW HITPOINT WARNING * * *
You feel sick. The adder closely misses you. The hobgoblin barely misses you.
The adder bites you.
You die...

############........
##...)......'†.......
###...#########........
#......# #........
#..###.################
#.>............
##.###.########
#.###.#########
#.##<.......@g#########
#.##....#...#Sol.......
#.##.#####.##g{s.....$.
#.##.......###.o.......
#...........##w.......≈
#########..†##.......≈.
....<.###≈...≈≈..≈.
###...# ≈≈..≈..≈..≈
#...# ≈≈..≈..≈⌠.≈


You could see a worm, an orc priest, an adder, an orc, a giant cockroach, a
hobgoblin, a goblin and a frilled lizard.

Vanquished Creatures
  A crimson imp (D:2)
  5 adders
  3 oozes
  A worm (D:2)
  A dart slug (D:1)
  3 leopard geckos
  A bat (D:1)
  5 giant cockroaches
  A goblin (D:1)
  3 hobgoblins
  6 jackals
  A quokka (D:2)
  6 frilled lizards
  4 kobolds
  2 rats (D:1)
43 creatures vanquished.

Notes
Turn   | Place    | Note
-------+----------+-------------------------------------------
     0 | D:1      | slep the Demonspawn Gladiator began the quest for the Orb.
     0 | D:1      | Reached XP level 1. HP: 16/16 MP: 1/1
   234 | D:1      | Gained mutation: You sometimes gain a little power by taking damage. [demonic ancestry]
   234 | D:1      | Reached XP level 2. HP: 22/22 MP: 2/2
   240 | D:1      | Reached skill level 3 in Axes
   468 | D:1      | Gained mutation: You have a pair of small horns on your head. [demonic ancestry]
   468 | D:1      | Reached XP level 3. HP: 17/27 MP: 3/3
   778 | D:2      | Found a bloodstained altar of Trog.
   902 | D:2      | Reached skill level 4 in Axes
   902 | D:2      | Gained mutation: Your movements are slightly less encumbered by armour. (ER -2) [demonic ancestry]
   902 | D:2      | Reached XP level 4. HP: 28/34 MP: 4/4
  1021 | D:2      | Noticed Sigmund
  1114 | D:3      | Reached XP level 5. HP: 24/39 MP: 5/5
  1123 | D:3      | HP: 1/39 [poisoned by an adder]
  1123 | D:3      | Slain by an adder

Vault maps used:
D:1:      minmay_arrival_radiant_lines, bh_walls_and_bars
D:2:      lemuel_doored_altar, first_ration, uniq_sigmund
D:3:      cheibrodos_helix_gallery

Skill      XL: |  1  2  3 |
---------------+----------+-----
Axes           | 3 4 |  4.4
Dodging        | 3 |  3.1
Fighting       | |  2.6
Throwing       | |  1.8
Armour         | |  0.8
Stealth        | |  0.4

Action                   |  1- 3 |  4- 6 || total
-------------------------+-------+-------++-------
Melee: War axe           |    90 |    28 ||   118
       Headbutt          |    12 |     4 ||    16
  Use: Potion            |       |     1 ||     1
 Stab: Sleeping          |       |     3 ||     3
  Eat: Chunk             |       |     1 ||     1
Armor: Leather armour    |    18 |     7 ||    25
Dodge: Dodged            |    76 |    37 ||   113

Table legend:
 A = Spawn XP
 B = Non-spawn XP
 C = Spawn XP percentage of total XP
 D = Spawn monster count
 E = Non-spawn monster count
 F = Spawn count percentage of total count
 G = Total turns spent on level
                    A         B        C        D         E        F      G
               +---------+---------+-------+---------+---------+-------+---------
         Total |       0 |     202 |   0.0 |       0 |      43 |   0.0 |  1123
               +---------+---------+-------+---------+---------+-------+---------
           D:1 |       0 |      44 |   0.0 |       0 |      19 |   0.0 |   732
           D:2 |       0 |     137 |   0.0 |       0 |      19 |   0.0 |   311
           D:3 |       0 |      21 |   0.0 |       0 |       5 |   0.0 |    80
               +---------+---------+-------+---------+---------+-------+---------
